 Dungeon Crawl Stone Soup version 0.23.2-1-ga50397a6bc (webtiles) character file.

Game seed: 14239073154524078931

100 Jukra the Skirmisher (level 4, 0/41 HPs)
             Began as a Minotaur Abyssal Knight on May 12, 2019.
             Was a Believer of Lugonu.
             Killed from afar by Sigmund (3 damage)
             ... with a puff of flame
             ... on level 3 of the Dungeon.
             The game lasted 00:06:25 (1423 turns).

Jukra the Skirmisher (Minotaur Abyssal Knight)      Turns: 1423, Time: 00:06:25

Health: 0/41       AC: 11    Str: 17    XL:     4   Next: 46%
Magic:  4/4        EV:  7    Int:  9    God:    Lugonu [**....]
Gold:   101        SH:  0    Dex: 16    Spells: 3/3 levels left

rFire    . . .     SeeInvis .   a - +1 falchion
rCold    . . .     Gourm    .   (no shield)
rNeg     . . .     Faith    .   j - +0 chain mail
rPois    .         Spirit   .   (helmet restricted)
rElec    .         Reflect  .   (no cloak)
rCorr    .         Harm     .   i - +1 pair of gloves
MR       .....                  (no boots)
Stlth    ..........             (no amulet)
HPRegen  0.13/turn              q - +6 ring of dexterity
MPRegen  0.09/turn              (no ring)

@: confused
A: retaliatory headbutt, horns 2
a: Depart the Abyss, Bend Space, Renounce Religion


You were on level 3 of the Dungeon.
You worshipped Lugonu.
Lugonu was pleased with you.
You were hungry.

You visited 1 branch of the dungeon, and saw 3 of its levels.
You visited the Abyss 1 time.

You collected 101 gold pieces.

Inventory:

Hand Weapons
 a - a +1 falchion (weapon)
Missiles
 g - 35 sling bullets
Armour
 b - a +0 leather armour
 i - a +1 pair of gloves (worn)
 j - a +0 chain mail (worn)
Jewellery
 q - a +6 ring of dexterity (left hand)
Scrolls
 e - 2 scrolls of fear {unknown}
 f - 3 scrolls of identify {unknown}
 h - a scroll of enchant armour {unknown}
 k - a scroll of blinking {unknown}
 m - a scroll of remove curse {unknown}
 p - a scroll of magic mapping {unknown}
Potions
 d - 2 potions of flight {unknown}
 l - 2 potions of mutation {unknown}
 n - a potion of heal wounds {unknown}
 o - a potion of ambrosia {unknown}
 r - a potion of curing {unknown}
Comestibles
 c - 7 rations


   Skills:
 + Level 4.6 Fighting
 + Level 3.2 Long Blades
 + Level 3.1 Armour
 + Level 1.7 Dodging
 + Level 0.1 Stealth
 * Level 0.3 Spellcasting
 * Level 2.6 Invocations


You had 3 spell levels left.
You didn't know any spells.
Your spell library was empty.

Dungeon Overview and Level Annotations

Branches:
Dungeon (3/15)

Altars:
Yredelemnul

Annotations:
D:3 Sigmund


Innate Abilities, Weirdness & Mutations

You reflexively headbutt those who attack you in melee.
You have a pair of horns on your head.


Message History

You closely miss Sigmund. You headbutt Sigmund!
Sigmund is severely wounded.
Sigmund hits you with a +1 scythe of protection.
You hit Sigmund.
Sigmund is severely wounded.
Sigmund hits you with a +1 scythe of protection!
* * * LOW HITPOINT WARNING * * *
You hit Sigmund but do no damage. You headbutt Sigmund.
Sigmund is almost dead.
Sigmund casts a spell at you.
The puff of flame hits you but does no damage.
Okay, then.
You completely miss Sigmund.
Sigmund is almost dead.
Sigmund casts a spell at you.
You are confused.
Sigmund hits you but does no damage.
Sigmund points at you and mumbles some strange words.
The puff of flame hits you.
You die...

#.............#.#
#......<.....>#.#
####.#..........###
#
##....?......######
##%...............
##...#..@...####
##.##......###
######...........
.......@..#.####.
######.####># ....
.# ###. . #. # #.
#. #.


You could see Sigmund.

Vanquished Creatures
  5 adders (D:2)
  2 worms (D:2)
  2 dart slugs
  2 leopard geckos
  4 goblins
  3 hobgoblins
  6 jackals
  5 kobolds
  4 bats
  7 frilled lizards
  8 rats
48 creatures vanquished.

Notes
Turn   | Place    | Note
-------+----------+-------------------------------------------
     0 | Abyss:1  | Jukra the Minotaur Abyssal Knight began the quest for the
                  | Orb.
     0 | Abyss:1  | Reached XP level 1. HP: 19/19 MP: 1/1
    68 | Abyss:1  | Noticed a sun demon
    69 | D:1      | Escaped the Abyss
   188 | D:1      | Reached skill level 4 in Fighting
   188 | D:1      | Reached XP level 2. HP: 13/27 MP: 2/2
   209 | D:1      | Reached * piety under Lugonu
   935 | D:2      | Reached XP level 3. HP: 34/34 MP: 3/3
   973 | D:2      | Found a basalt altar of Yredelemnul.
   990 | D:2      | Reached ** piety under Lugonu
  1001 | D:2      | Reached XP level 4. HP: 41/41 MP: 4/4
  1402 | D:3      | Noticed Sigmund
  1418 | D:3      | HP: 2/41 [Sigmund/+1 scythe of protection (11)]
  1423 | D:3      | Killed from afar by Sigmund

Skill      XL: |  1  2  3 |
---------------+----------+-----
Fighting       | 4 |  4.6
Invocations    | 2 |  2.6
Armour         | 3 |  3.1
Long Blades    | 3 |  3.2
Dodging        | |  1.7
Stealth        | |  0.1
Spellcasting   | |  0.3

Action                   |  1- 3 |  4- 6 || total
-------------------------+-------+-------++-------
Melee: Falchion          |    78 |    33 ||   111
       Headbutt          |     8 |     7 ||    15
Invok: Depart the Abyss  |     1 |       ||     1
  Eat: Chunk             |       |     1 ||     1
Armor: Leather armour    |     3 |       ||     3
       Chain mail        |    73 |    21 ||    94
Dodge: Dodged            |    46 |    11 ||    57
       Rpst.: Falchion   |    11 |     1 ||    12
